AoeStats
← 六百公斤大肥豬

MegaRandom

509898997Analyzed
4v4 RM · 5d ago on Sep 28, 2026· 33m 37s· 8 players
Game mode
Random Map
Map size
Large (8 player)
Population
200
Speed
Normal
Resources
Standard
Victory
Conquest
Starting age
Dark Age
Ending age
Imperial Age
RankedLock teamsTeams togetherTeam positionsShared explorationLock speedFull tech treeHidden civsTurbo modeCheats
Victory
Defeat
🇹🇼 Slavs · Taiwan
1520
+10
🇨🇳 Spanish · China
1420
+14
🇭🇰 Saxons · Hong Kong SAR China
1400
+15
🇹🇼 Mongols · Taiwan
1351
+16
🇪🇸 Mongols · Spain
1425
-16
🇦🇷 Saracens · Argentina
1386
-14
🇹🇷 Sicilians · Türkiye
1353
-13
🇭🇰 Varangians · Hong Kong SAR China
1332
-12
king00005
0:33 Loom
10:40 Feudal Age
14:45 Castle Age
17:11 Double-Bit Axe
22:08 Fletching
23:56 Bodkin Arrow
25:12 Horse Collar
25:58 Scale Mail Armor
27:25 Forging
27:17 Squires
27:54 Arson
30:29 Gold Mining
32:10 Bow Saw
32:54 Chain Mail Armor
(3A) Lü Bu king
9:13 Feudal Age
7:30 Loom
10:41 Double-Bit Axe
12:22 Horse Collar
15:44 Scale Barding Armor
21:09 Castle Age
20:07 Bloodlines
20:13 Gold Mining
20:37 Forging
22:27 Wheelbarrow
21:28 Light Cavalry
23:13 Bow Saw
24:28 Chain Barding Armor
27:03 Heavy Plow
28:28 Husbandry
31:42 Hand Cart
33:00 Town Watch
Ren
0:35 Loom
10:08 Feudal Age
10:37 Double-Bit Axe
11:21 Horse Collar
18:31 Forging
20:16 Wheelbarrow
20:42 Bloodlines
24:42 Castle Age
22:56 Fletching
23:05 Gold Mining
24:34 Stone Mining
25:22 Scale Barding Armor
25:38 Bow Saw
26:13 Husbandry
26:21 Heavy Plow
27:17 Chain Barding Armor
29:52 Iron Casting
29:18 Caravan
36:03 Imperial Age
(3A) King Arthur
5:27 Loom
10:12 Feudal Age
15:23 Fletching
19:31 Horse Collar
19:42 Double-Bit Axe
25:53 Castle Age
26:12 Crossbowman
26:57 Thumb Ring
26:51 Bodkin Arrow
elchinaleikazo
0:36 Loom
10:04 Feudal Age
13:56 Horse Collar
14:29 Double-Bit Axe
23:57 Castle Age
22:56 Fletching
23:07 Padded Archer Armor
24:01 Crossbowman
27:33 Bodkin Arrow
29:00 Ballistics
六百公斤大肥豬
0:39 Loom
11:41 Feudal Age
15:36 Castle Age
13:26 Double-Bit Axe
13:25 Horse Collar
26:42 Bow Saw
29:07 Squires
29:10 Scale Mail Armor
30:11 Chain Mail Armor
30:47 Arson
31:04 Gambesons
Sauron_ator
0:32 Loom
9:20 Feudal Age
11:33 Double-Bit Axe
11:30 Horse Collar
15:44 Forging
21:09 Wheelbarrow
24:07 Castle Age
25:17 Bow Saw
26:57 Fletching
27:07 Padded Archer Armor
27:52 Husbandry
28:02 Bloodlines
28:18 Bodkin Arrow
33:45 Hand Cart
Hulagu
7:05 Loom
11:55 Feudal Age
12:16 Horse Collar
15:15 Double-Bit Axe
20:13 Fletching
24:16 Scale Mail Armor
29:15 Wheelbarrow
Connection lost

Rejoining the realm…

Still unreachable

The connection could not be restored.

Session expired

The server has moved on; the page needs a fresh start.